 Dungeon Crawl Stone Soup version 0.19-a0-1608-g4cf22de (webtiles) character file.

7 jacquesderrida the Charmwright (level 2, 1/15 HPs)
             Began as a Vine Stalker Skald on Sept 17, 2016.
             Quit the game on level 2 of the Dungeon.
             The game lasted 00:00:43 (166 turns).

jacquesderrida the Charmwright (Vine Stalker Skald)  Turns: 166, Time: 00:00:44

Health: 1/15       AC:  3    Str: 14    XL:     2   Next: 4%
Magic:  1/6        EV: 11    Int: 12    God:
Gold:   27         SH:  0    Dex: 13    Spells: 1 memorised, 4 levels left

rFire  . . .     SeeInvis .     a - +0 falchion
rCold  . . .     Gourm    .     b - +0 leather armour
rNeg   . . .     Faith    .     (no shield)
rPois  .         Spirit   +     (no helmet)
rElec  .         Dismiss  .     (no cloak)
rCorr  .         Reflect  .     (no gloves)
MR     .....     Harm     +     (no boots)
Stlth  +.........               g - amulet of harm
                                (no ring)
                                (no ring)

@: no status effects
A: fangs 2, magic shield, antimagic bite, no device heal 3, rot immunity
a: no special abilities


You were on level 2 of the Dungeon.
You were not hungry.

You visited 1 branch of the dungeon, and saw 2 of its levels.

You collected 27 gold pieces.

Inventory:

Hand Weapons
 a - a +0 falchion (weapon)
Armour
 b - a +0 leather armour (worn)
Jewellery
 g - an amulet of harm (around neck)
Scrolls
 f - a scroll of identify {unknown}
Potions
 e - a potion of flight {unknown}
Books
 c - a book of Battle

   Spells                             Type                      Level
   a - Infusion                       Charms                       1
   b - Shroud of Golubria             Charms/Translocation         2
   c - Song of Slaying                Charms                       2
   d - Spectral Weapon                Hexes/Charms                 3
   e - Regeneration                   Charms/Necromancy            3
Comestibles
 d - a bread ration


   Skills:
 - Level 1.7 Fighting
 + Level 2.4 Long Blades
 - Level 0.7 Armour
 - Level 0.7 Dodging
 - Level 2.1 Spellcasting
 - Level 3.0 Charms


You had 4 spell levels left.
You knew the following spells:

 Your Spells              Type           Power        Failure   Level  Hunger
a - Infusion              Chrm           #...         12%         1    ##.....


Dungeon Overview and Level Annotations

Branches:
Dungeon (2/15)

Altars:


Innate Abilities, Weirdness & Mutations

You have extremely sharp teeth.
When hurt, damage is shared between your health and your magic reserves.
Your bite disrupts and absorbs the magic of your enemies.
Potions and wands cannot restore your health.
You are immune to rotting.


Message History

You see here a dented ruby amulet.
g - a dented ruby amulet The hobgoblin closely misses you.
You riposte.
You hit the hobgoblin but do no damage. You barely miss the hobgoblin.
The hobgoblin hits you.
* * * LOW HITPOINT WARNING * * *
You closely miss the hobgoblin. The hobgoblin closely misses you.
You riposte.
You barely miss the hobgoblin. You barely miss the hobgoblin.
Your bite misses the hobgoblin.
The hobgoblin hits you but does no damage.
You hit the hobgoblin. Your bite misses the hobgoblin.
The hobgoblin is severely wounded.
The hobgoblin hits you.
* * * LOW HITPOINT WARNING * * *
You hit the hobgoblin.
You kill the hobgoblin!
You have reached level 2!
Put on which piece of jewellery? (? for menu, Esc to quit)
g - an amulet of harm (around neck) Are you sure you want to abandon this character and quit the game? (Confirm with "yes".)

♣#.####.##
♣.........
♣.......#
♣.<####...
♣♣♣#......$#
#.
#.......####
+..##.......+
#...........#
#.....@.....#
#.....#######
#..... #.....
##.##. #. #.
# #. #.


There were no monsters in sight!

Vanquished Creatures
  A giant cockroach (D:1)
  A goblin (D:1)
  A hobgoblin (D:2)
  3 bats
  A frilled lizard (D:1)
  A kobold (D:1)
8 creatures vanquished.

Notes
Turn   | Place    | Note
-------+----------+-------------------------------------------
     0 | D:1      | jacquesderrida the Vine Stalker Skald began the quest for the Orb.
     0 | D:1      | Reached XP level 1. HP: 11/11 MP: 4/4
   164 | D:2      | Reached XP level 2. HP: 1/15 MP: 1/6
   166 | D:2      | Quit the game

Vault maps used:
D:1:      dpeg_arrival_tiny_j, minmay_ruptured
D:2:      amethyst_overflow_temple_binary, serial_forest,
          infiniplex_forest_clump_tiny, infiniplex_forest_lined_corner,
          infiniplex_forest_straight_1, infiniplex_forest_zigzag_1,
          infiniplex_forest_zigzag_2, infiniplex_forest_side_room,
          infiniplex_forest_clump_medium, infiniplex_forest_clump_tiny,
          corexii_corridor_pit, uniq_terence

Skill      XL: |  1 |
---------------+----+-----
Long Blades    | 2 |  2.4
Fighting       | |  1.7
Armour         | |  0.7
Dodging        | |  0.7
Spellcasting   | |  2.1
Charms         | |  3.0

Action                   || total
-------------------------++-------
Melee: Falchion          ||    38
       Bite              ||     7
 Stab: Sleeping          ||     1
Armor: Leather armour    ||    10
Dodge: Dodged            ||    19
